 Dungeon Crawl Stone Soup version 0.22.1-1-ga44c0e5 (webtiles) character file.

365 Iscandelvey the Magician (level 6, -5/45 HPs)
             Began as a Demigod Wizard on Oct 5, 2018.
             Splashed by Ijyb's acid (12 damage)
             ... on level 3 of the Dungeon.
             The game lasted 00:21:32 (4794 turns).

Iscandelvey the Magician (Demigod Wizard)           Turns: 4794, Time: 00:21:32

Health: -5/45      AC:  2    Str: 10    XL:     6   Next: 16%
Magic:  7/15       EV: 13    Int: 26    God:
Gold:   129        SH:  0    Dex: 14    Spells: 5/13 levels left

rFire    . . .     SeeInvis .   u - staff of poison (curse)
rCold    . . .     Gourm    .   (no shield)
rNeg     . . .     Faith    .   a - +0 robe
rPois    +         Spirit   .   e - +1 hat
rElec    .         Reflect  .   (no cloak)
rCorr    .         Harm     .   p - +2 pair of gloves
MR       .....                  (no boots)
Stlth    ++........             (no amulet)
HPRegen  0.15/turn              (no ring)
MPRegen  0.14/turn              (no ring)

@: corroded, very slightly contaminated
A: high mp 1
a: no special abilities


You were on level 3 of the Dungeon.
You were not hungry.

You visited 1 branch of the dungeon, and saw 3 of its levels.
You also visited: Sewer.

You collected 129 gold pieces.

Inventory:

Hand Weapons
 j - a +0 dagger
 q - a +1 falchion of freezing
 r - a +0 hunting sling
 t - the +6 mace "Unlicw" {crush, MR+}
   (You found it in a sewer)

   It inflicts extra damage upon your enemies.
   It affects your resistance to hostile enchantments.
Missiles
 c - a throwing net (quivered)
 f - 53 sling bullets
 s - 48 bolts
 x - 58 stones
Armour
 a - a +0 robe (worn)
 b - a +0 hat
 e - a +1 hat (worn)
 p - a +2 pair of gloves (worn)
Magical Staves
 u - a cursed staff of poison (weapon)
Scrolls
 g - a scroll of remove curse {unknown}
 h - 2 scrolls of enchant armour
 n - 2 scrolls of teleportation
 o - 2 scrolls of magic mapping
Potions
 i - a potion of resistance {unknown}
 k - a potion of cancellation {unknown}
 l - 2 potions of curing {unknown}
 m - 2 potions of lignification {unknown}
 v - a potion of brilliance {unknown}
 w - a potion of agility {unknown}
Comestibles
 d - 7 rations


   Skills:
 - Level 0.1(0.6) Short Blades
 - Level 1.1 Long Blades
 + Level 0.4 Staves
 - Level 1.9 Slings
 + Level 2.9 Dodging
 + Level 2.3 Stealth
 - Level 0.3 Unarmed Combat
 * Level 4.2 Spellcasting
 * Level 2.5 Conjurations
 + Level 0.8 Summonings
 + Level 0.8 Translocations
 + Level 0.1 Fire Magic


You had 5 spell levels left.
You knew the following spells:

 Your Spells              Type           Power        Failure   Level  Hunger
a - Magic Dart            Conj           ###.         3%          1    None
b - Blink                 Tloc           N/A          9%          2    None
c - Call Imp              Summ           #.......     9%          2    None
d - Conjure Flame         Conj/Fire      ##......     14%         3    ##.....

Your spell library contained the following spells:

 Spells                   Type           Power        Failure   Level  Hunger
 Slow                     Hex            #.......     13%         2    None
 Mephitic Cloud           Conj/Pois/Air  ##......     19%         3    ##.....


Dungeon Overview and Level Annotations

Branches:
Dungeon (3/15)

Shops:
D:3 *

Annotations:
D:3 Ijyb


Innate Abilities, Weirdness & Mutations

You have an increased reservoir of magic. (+10% MP)


Message History

Your crimson imp completely misses Ijyb.
Your crimson imp hits Ijyb but does no damage.
Things that are here:
a dagger; a goblin skeleton Ijyb hits you with a hand axe.
Ijyb misses your crimson imp.
Ijyb completely misses your crimson imp.
Ijyb closely misses your crimson imp.
Your crimson imp hits Ijyb but does no damage. x2
Your crimson imp barely misses Ijyb.
You completely miss Ijyb.
Ijyb is moderately wounded.
Ijyb zaps a wand.
The bolt of acid hits you! The acid corrodes you!
You are splashed with acid!
The acid burns!
Your crimson imp hits Ijyb but does no damage.
Your crimson imp blinks!
Your crimson imp hits Ijyb but does no damage.
Ijyb zaps a wand.
The bolt of acid hits you!
* * * LOW HITPOINT WARNING * * *
The acid corrodes you!
You are splashed with acid!
The acid burns!
You die...

############# ####
#...'.......#.?$#≈≈#
#...@.5.....'?.(#≈≈##
#.5.#.g5....#####≈≈##
#...##########...≈≈##
#............#...≈≈##
#............#...≈≈..
##'##.....##'##.)≈≈##
#...#.....#...#..≈≈##
#...#..)).#...#.)≈≈##
#...#.....#...#..≈≈#


You could see Ijyb and 3 friendly crimson imps.

Vanquished Creatures
  A bullfrog (Sewer)
  An orc wizard (D:3)
  3 gnolls (D:3)
  9 adders
  8 oozes (Sewer)
  2 worms
  A dart slug (D:1)
  8 leopard geckos
  8 orcs (D:3)
  6 bats
  8 giant cockroaches
  3 hobgoblins
  11 jackals
  11 ball pythons
  6 frilled lizards (Sewer)
  17 goblins
  2 kobolds
  10 rats
115 creatures vanquished.

Vanquished Creatures (others)
  A wizard (D:3)
1 creature vanquished.

Grand Total: 116 creatures vanquished

Notes
Turn   | Place    | Note
-------+----------+-------------------------------------------
     0 | D:1      | Iscandelvey the Demigod Wizard began the quest for the Orb.
     0 | D:1      | Reached XP level 1. HP: 14/14 MP: 6/6
   253 | D:1      | Reached skill level 3 in Spellcasting
   422 | D:1      | Reached XP level 2. HP: 20/20 MP: 4/8
   685 | D:1      | Reached skill level 1 in Conjurations
  1144 | D:1      | Reached XP level 3. HP: 16/26 MP: 10/10
  1939 | D:3      | Found a glowing drain.
  1967 | Sewer    | Entered a sewer
  2105 | Sewer    | Learned a level 2 spell: Blink
  2108 | Sewer    | Learned a level 2 spell: Call Imp
  2112 | Sewer    | Learned a level 3 spell: Conjure Flame
  2146 | Sewer    | Reached XP level 4. HP: 33/33 MP: 12/12
  2439 | Sewer    | Reached skill level 1 in Slings
  2667 | Sewer    | Noticed a bullfrog
  2679 | Sewer    | Reached XP level 5. HP: 28/38 MP: 13/13
  2705 | Sewer    | Reached skill level 1 in Long Blades
  2944 | Sewer    | Got a dazzling mace
  2949 | Sewer    | Identified the +6 mace "Unlicw" {crush, MR+} (You found it
                  | in a sewer)
  3502 | D:3      | Reached skill level 4 in Spellcasting
  3652 | D:3      | Found an opulent altar of Gozag.
  3669 | D:3      | Found Gozag's Platinum Reserve.
  3784 | D:3      | Found a bloodstained altar of Trog.
  3785 | D:3      | Noticed a wizard
  3790 | D:3      | Killed a wizard
  4051 | D:3      | Reached XP level 6. HP: 29/45 MP: 0/15
  4506 | D:3      | Noticed Ijyb
  4794 | D:3      | Splashed by Ijyb's acid

Skill      XL: |  1  2  3  4  5 |
---------------+----------------+-----
Dodging        | 2 |  2.9
Spellcasting   | 3 4 |  4.2
Conjurations   | 1 2 |  2.5
Stealth        | 2 |  2.3
Slings         | 1 |  1.9
Long Blades    | 1 |  1.1
Short Blades   | |  0.1
Staves         | |  0.4
Unarmed Combat | |  0.3
Summonings     | |  0.8
Translocations | |  0.8
Fire Magic     | |  0.1

Action                   |  1- 3 |  4- 6 || total
-------------------------+-------+-------++-------
Melee: Unarmed           |    15 |       ||    15
       Dagger            |   105 |       ||   105
       Falchion          |    36 |    72 ||   108
       Staff             |       |    61 ||    61
 Fire: Hunting sling     |    13 |    35 ||    48
Throw: Throwing net      |       |     1 ||     1
 Cast: Magic Dart        |    31 |   108 ||   139
       Conjure Flame     |     1 |     3 ||     4
       Blink             |       |     5 ||     5
       Call Imp          |       |     3 ||     3
  Use: Scroll            |       |     4 ||     4
 Stab: Sleeping          |     5 |       ||     5
  Eat: Chunk             |     4 |     9 ||    13
Armor: Robe              |    48 |    61 ||   109
Dodge: Dodged            |   131 |   179 ||   310
       Rpst.: Falchion   |     6 |    31 ||    37
